 Dungeon Crawl Stone Soup version 0.29-a0-284-gf9362112df (webtiles) character file.

Game seed: 5048209310365402788

2 anonymouscript the Chiller (level 1, -1/9 HPs)
             Began as a Vine Stalker Ice Elementalist on Mar 19, 2022.
             Slain by a quokka (3 damage)
             ... on level 2 of the Dungeon.
             The game lasted 00:01:47 (338 turns).

anonymouscript the Chiller (VSIE)                    Turns: 338, Time: 00:01:47

Health: -1/9       AC:  2    Str: 10    XL:     1   Next: 40%
Magic:  0/4        EV:  7    Int: 15    God:
Gold:   17         SH: 11    Dex: 14    Spells: 3/4 levels left

rFire   . . .      SeeInvis .   (no weapon)
rCold   . . .      Faith    .   e - +1 tower shield {reflect}
rNeg    . . .      Spirit   +   a - +0 robe
rPois   .          Reflect  +   (no helmet)
rElec   .          Harm     .   (no cloak)
rCorr   .          Rampage  .   (no gloves)
Will    .....                   (no boots)
Stlth   ++........              (no amulet)
HPRegen 0.03/turn               (no ring)
MPRegen 0.09/turn               (no ring)

@: very slightly contaminated
A: fangs 2, magic shield, antimagic bite, no potion heal 2
a: no special abilities


You were on level 2 of the Dungeon.
You visited 1 branch of the dungeon, and saw 2 of its levels.

You collected 17 gold pieces.

Inventory:

Armour
 a - a +0 robe (worn)
 e - a +1 tower shield of reflection (worn)
Potions
 b - a potion of magic
 c - a potion of haste {unknown}
 d - a potion of lignification {unknown}


   Skills:
 + Level 1.5 Dodging
 + Level 2.5 Stealth
 + Level 2.1 Spellcasting
 + Level 4.1 Ice Magic


You had 3 spell levels left.
You knew the following spells:

 Your Spells              Type           Power      Damage    Failure   Level
a - Freeze                Ice            52%        1d7       58%         1

Your spell library contained the following spells:

 Spells                   Type           Power      Damage    Failure   Level
 Frozen Ramparts          Ice            26%        1d4       92%         3
 Ozocubu's Armour         Ice            13%        N/A       92%         3
 Hailstorm                Conj/Ice       7%         3d4       100%        4


Dungeon Overview and Level Annotations

Branches:
Dungeon (1/15)

Altars:


Innate Abilities, Weirdness & Mutations

You have extremely sharp teeth.
When hurt, damage is shared between your health and your magic reserves.
Your bite disrupts and absorbs the magic of your enemies.
Potions cannot restore your health.


Message History

Aim: a frilled lizard (heavily wounded)
You miscast Freeze.
You are very lightly contaminated with residual magic.
Nothing appears to happen.
You block the frilled lizard's attack.
Aiming: Freeze (safe; 58% risk of failure)
Press: ? - help, Q - select action Shift-Dir - straight line, f/p - frilled lizard
Aim: a frilled lizard (heavily wounded)
You miscast Freeze.
Nothing appears to happen.
The frilled lizard barely misses you.
Unknown command.
Aiming: Freeze (safe; 58% risk of failure)
Press: ? - help, Q - select action Shift-Dir - straight line, f/p - frilled lizard
Aim: a frilled lizard (heavily wounded)
You miscast Freeze.
Nothing appears to happen.
You block the frilled lizard's attack.
Unknown command.
You don't have enough magic to cast this spell.
Unknown command.
You hit the frilled lizard.
You kill the frilled lizard!
You block the quokka's attack.
You hit the quokka but do no damage. Your bite misses the quokka.
The quokka bites you but does no damage.
The quokka bites you.
A hobgoblin comes into view.
You closely miss the quokka.
The hobgoblin shouts!
You bite the quokka, but do no damage.
An adder comes into view.
The quokka closely misses you. You block the quokka's attack.
You completely miss the quokka. You block the quokka's attack.
The quokka bites you. x2
* * * LOW HITPOINT WARNING * * *
The quokka attacks as you move away! You block the quokka's attack.
The quokka attacks as you move away! You block the quokka's attack.
The quokka twitches its whiskers.
The quokka attacks as you move away! You block the quokka's attack.
The quokka bites you.
You die...

#.# ...# #.#
#..# ########.#
#... #........#
#..# #.########
#S.# #.# #.. #.#
.######g######.#
.[.....$...Sr@.#
...#########...#
#####


You could see an adder, a quokka and a hobgoblin.

Vanquished Creatures
  A kobold (D:1)
  A bat (D:1)
  A frilled lizard (D:2)
3 creatures vanquished.

Notes
Turn   | Place    | Note
-------+----------+-------------------------------------------
     0 | D:1      | anonymouscript the Vine Stalker Ice Elementalist began the
                  | quest for the Orb.
     0 | D:1      | Reached XP level 1. HP: 9/9 MP: 4/4
   272 | D:1      | You fall into a shaft and drop 1 floor!
   338 | D:2      | Slain by a quokka

Illustrated notes

Levels and vault maps discovered:
D:1:      nzn_arrival_depleted_hourglass, layout_loops_ring,
          serial_bayou_pond_a, serial_bayou_pond_b, minmay_tromino_v4_a
D:2:      layout_loops_ring, basic_altar, shapermc_ecumenical_altar_mp_vishouse

Action                   || total
-------------------------++-------
Melee: Unarmed           ||    14
       Bite              ||     3
 Cast: Freeze            ||     2
Armor: Robe              ||     8
Dodge: Dodged            ||    13
Block: Tower shield      ||    11
       Reflection        ||     1

Table legend: (Time is in decaauts)
 A = Elapsed time spent in this place.
 B = Non-inter-level travel time spent in this place.
 C = Inter-level travel time spent in this place.
 D = Time resting spent in this place.
 E = Time spent auto-exploring this place.
 F = Levels seen in this place.
 G = Mean time per level.
                   A        B        C        D        E       F      G
               +--------+--------+--------+--------+--------+-----+--------+
         Total |    341 |    341 |      0 |    116 |     93 |   2 |  170.5 |
       Dungeon |    341 |    341 |      0 |    116 |     93 |   2 |  170.5 |
               +--------+--------+--------+--------+--------+-----+--------+

Top non-repeatable levels by time:
     D:1: 272 daAuts
     D:2: 69 daAuts
